 Dungeon Crawl Stone Soup version 0.26.0-15-gc6cd9f700b (webtiles) character file.

Game seed: 6639508229280989806

28 EnegeticOcto the Stinger (level 3, -6/25 HPs)
             Began as a Gnoll Venom Mage on Jan 16, 2021.
             Killed from afar by a white imp (11 damage)
             ... with a puff of frost
             ... on level 2 of the Dungeon.
             The game lasted 00:01:19 (104 turns).

EnegeticOcto the Stinger (Gnoll Venom Mage)          Turns: 104, Time: 00:01:19

Health: -6/25      AC:  2    Str: 10    XL:     3   Next: 12%
Magic:  1/9        EV: 14    Int: 18    God:
Gold:   14         SH:  0    Dex: 15    Spells: 9/12 levels left

rFire    . . .     SeeInvis .   c - +0 spear (curse)
rCold    . . .     Faith    .   (no shield)
rNeg     . . .     Spirit   .   a - +0 robe
rPois    .         Reflect  .   (no helmet)
rElec    .         Harm     .   (no cloak)
rCorr    .         Rampage  .   (no gloves)
Will     .....                  (no boots)
Stlth    +++.......             (no amulet)
HPRegen  0.08/turn              (no ring)
MPRegen  0.11/turn              (no ring)

@: no status effects
A: distributed training, fangs 1, strong nose
a: no special abilities


You were on level 2 of the Dungeon.
You visited 1 branch of the dungeon, and saw 2 of its levels.

You collected 14 gold pieces.

Inventory:

Hand Weapons
 c - a cursed +0 spear (weapon)
   (You found it on level 1 of the Dungeon)
Missiles
 d - 8 silver javelins
Armour
 a - a +0 robe (worn)
Scrolls
 b - 3 scrolls of identify {unknown}
 f - a scroll of teleportation {unknown}
Potions
 e - a potion of curing {unknown}


   Skills:
 + Level 0.6 Fighting
 + Level 0.6 Short Blades
 + Level 0.6 Long Blades
 + Level 0.6 Axes
 + Level 0.6 Maces & Flails
 + Level 0.6 Polearms
 + Level 0.6 Staves
 + Level 0.6 Slings
 + Level 0.6 Bows
 + Level 0.6 Crossbows
 + Level 0.6 Throwing
 + Level 0.6 Armour
 + Level 4.5 Dodging
 + Level 4.1 Stealth
 + Level 0.6 Shields
 + Level 0.6 Unarmed Combat
 + Level 5.0 Spellcasting
 + Level 0.4 Conjurations
 + Level 0.4 Hexes
 + Level 0.4 Summonings
 + Level 0.4 Necromancy
 + Level 0.4 Translocations
 + Level 2.1 Transmutations
 + Level 0.4 Fire Magic
 + Level 0.4 Ice Magic
 + Level 0.4 Air Magic
 + Level 0.4 Earth Magic
 + Level 5.4 Poison Magic
 + Level 0.8 Invocations
 + Level 0.6 Evocations


You had 9 spell levels left.
You knew the following spells:

 Your Spells              Type           Power        Failure   Level
a - Sting                 Tmut/Pois      72%          2%          1
b - Poisonous Vapours     Pois/Air       30%          6%          2

Your spell library contained the following spells:

 Spells                   Type           Power        Failure   Level
 Ignite Poison            Fire/Tmut/Pois 14%          14%         3
 Olgreb's Toxic Radiance  Pois           23%          14%         4
 Mephitic Cloud           Conj/Pois/Air  12%          17%         3


Dungeon Overview and Level Annotations

Branches:
Dungeon (2/15)

Altars:


Innate Abilities, Weirdness & Mutations

Your experience applies equally to all skills.
You have very sharp teeth.
Your uncanny sense of smell can sniff out nearby items.


Message History

Confirm with . or Enter, or press ? or * to list all spells.
Aiming: Sting (safe; 3% risk of failure)
Press: ? - help, Shift-Dir - straight line, f - goblin
Aim: a goblin, wielding a +0 club (asleep, 0% to evade)
The sting hits the goblin.
The goblin is poisoned.
The goblin is moderately wounded.
The goblin shouts!
The goblin hits you with a +0 club.
You hit the goblin but do no damage.
The goblin is severely wounded.
You kill the goblin!
Things that are here:
a +0 club; a goblin corpse A goblin comes into view.
It is wielding a +0 club.
Found a stone staircase leading down.
f - a scroll labelled BEQELA ZINONYNN A hobgoblin comes into view.
It is wielding a +0 club.
Found 30 stones.
There is a stone staircase leading down here.
Casting: Sting (safe; 3% risk of failure)
Confirm with . or Enter, or press ? or * to list all spells.
Aiming: Sting (safe; 3% risk of failure)
Press: ? - help, Shift-Dir - straight line, f - goblin
Aim: a goblin, wielding a +0 club (wandering, hasn't noticed you, 33% to evade)
The sting hits the goblin.
The goblin is poisoned.
The goblin is heavily wounded.
You completely miss the goblin.
The goblin is heavily wounded.
You kill the goblin!
Your Spellcasting skill increases to level 5!
You see here a +0 club.
Casting: Sting (safe; 2% risk of failure)
Confirm with . or Enter, or press ? or * to list all spells.
Aiming: Sting (safe; 2% risk of failure)
Press: ? - help, Shift-Dir - straight line, f - hobgoblin
Aim: a hobgoblin, wielding a +0 club (asleep, 0% to evade)
The sting hits the hobgoblin.
The hobgoblin is poisoned.
You kill the hobgoblin!
A white imp comes into view.
Things that are here:
a +0 club; a hobgoblin corpse The white imp shouts, "Scamper away, thou infectious base-court surfacer!"
The white imp gestures at you. The puff of frost hits you.
Casting: Sting (safe; 2% risk of failure)
Confirm with . or Enter, or press ? or * to list all spells.
Aiming: Poisonous Vapours (safe; 6% risk of failure)
Press: ? - help, Dir - move target, f - white imp
Aim: a white imp But poisonous vapours would do no harm to the white imp!
Unknown command.
Casting: Poisonous Vapours (safe; 6% risk of failure)
Confirm with . or Enter, or press ? or * to list all spells.
Aiming: Sting (safe; 2% risk of failure)
Press: ? - help, Shift-Dir - straight line, f/p - white imp
Aim: a white imp (26% to evade)
The sting hits the white imp.
The white imp partially resists.
The white imp is poisoned.
The white imp is lightly wounded.
Casting: Sting (safe; 2% risk of failure)
Confirm with . or Enter, or press ? or * to list all spells.
Aiming: Sting (safe; 2% risk of failure)
Press: ? - help, Shift-Dir - straight line, f/p - white imp
Aim: a white imp (lightly wounded, poisoned, 26% to evade)
The sting hits the white imp but does no damage.
The white imp looks even sicker.
The white imp is lightly wounded.
A jackal comes into view.
Casting: Sting (safe; 2% risk of failure)
Confirm with . or Enter, or press ? or * to list all spells.
Aiming: Sting (safe; 2% risk of failure)
Press: ? - help, Shift-Dir - straight line, f/p - white imp
Aim: a white imp (lightly wounded, very poisoned, 26% to evade)
The sting hits the white imp but does no damage.
The white imp looks even sicker.
The white imp is lightly wounded.
The jackal barks!
A jackal comes into view.
The white imp gestures at you. The puff of frost hits you!
* * * LOW HITPOINT WARNING * * *
Casting: Sting (safe; 2% risk of failure)
Confirm with . or Enter, or press ? or * to list all spells.
Aiming: Sting (safe; 2% risk of failure)
Press: ? - help, Shift-Dir - straight line, f/p - white imp
Aim: a white imp (lightly wounded, very poisoned, 26% to evade)
The sting misses the white imp.
The jackal barks!
The white imp barely misses you.
Casting: Sting (safe; 2% risk of failure)
Confirm with . or Enter, or press ? or * to list all spells.
Aiming: Sting (safe; 2% risk of failure)
Press: ? - help, Shift-Dir - straight line, f/p - white imp
Aim: a white imp (moderately wounded, very poisoned, 26% to evade)
The sting hits the white imp.
The white imp looks as sick as possible!
The white imp is moderately wounded.
The white imp gestures at you. The puff of frost hits you!
You die...

#.# #.. #.# #.# .#
#.# #.# .# #.# #.#
.# # #.# #.# h#.#
#.#######.## .#.#
#....).....# ∆ ...
#########..######5#
∆ #..>)..)@(#
#..######## #..#
#... #..## #..#
#..# #..


You could see a white imp (extremely poisoned) and a jackal.

Vanquished Creatures
  2 adders (D:2)
  4 goblins (D:2)
  A hobgoblin (D:2)
  A kobold (D:2)
  A ball python (D:1)
9 creatures vanquished.

Notes
Turn   | Place    | Note
-------+----------+-------------------------------------------
     0 | D:1      | EnegeticOcto the Gnoll Venom Mage began the quest for the
                  | Orb.
     0 | D:1      | Reached XP level 1. HP: 13/13 MP: 6/6
    30 | D:2      | Reached skill level 2 in Transmutations
    30 | D:2      | Reached XP level 2. HP: 12/20 MP: 3/7
    40 | D:2      | Reached XP level 3. HP: 16/25 MP: 1/9
    71 | D:2      | Learned a level 2 spell: Poisonous Vapours
    94 | D:2      | Reached skill level 5 in Spellcasting
   104 | D:2      | Killed from afar by a white imp

Illustrated notes

Levels and vault maps discovered:
D:1:      heliophobic_arrival_enchanted_forest, layout_basic
D:2:      layout_loops_ring, serial_bayou_crossing

Skill      XL: |  1  2  3 |
---------------+----------+-----
Transmutations | 2 |  2.1
Spellcasting   | 5 |  5.0
Fighting       | |  0.6
Short Blades   | |  0.6
Long Blades    | |  0.6
Axes           | |  0.6
Maces & Flails | |  0.6
Polearms       | |  0.6
Staves         | |  0.6
Slings         | |  0.6
Bows           | |  0.6
Crossbows      | |  0.6
Throwing       | |  0.6
Armour         | |  0.6
Dodging        | |  4.5
Stealth        | |  4.1
Shields        | |  0.6
Unarmed Combat | |  0.6
Conjurations   | |  0.4
Hexes          | |  0.4
Summonings     | |  0.4
Necromancy     | |  0.4
Translocations | |  0.4
Fire Magic     | |  0.4
Ice Magic      | |  0.4
Air Magic      | |  0.4
Earth Magic    | |  0.4
Poison Magic   | |  5.4
Invocations    | |  0.8
Evocations     | |  0.6

Action                   || total
-------------------------++-------
Melee: Spear             ||     2
 Cast: Sting             ||    14
Dodge: Dodged            ||     4
